 Dungeon Crawl Stone Soup version 0.29.1-12-g30fa7ad0bf (webtiles) character file.

Game seed: 15272003128648961742

48 concernfroge the Sneak (level 3, -5/15 HPs)
             Began as a Felid Transmuter on Jan 14, 2023.
             Slain by Terence
             ... wielding a +0 short sword
              (6 damage)
             ... on level 3 of the Dungeon.
             The game lasted 00:07:27 (1940 turns).

concernfroge the Sneak (Felid Transmuter)           Turns: 1940, Time: 00:07:28

Health: -5/15      AC:  1    Str:  6    XL:     3   Next: 50%
Magic:  6/7        EV: 17    Int: 14    God:
Gold:   100        SH:  0    Dex: 18    Spells: 5/6 levels left
                                        Lives:  0   Deaths: 0

rFire   . . .      SeeInvis +     - Unarmed
rCold   . . .      Faith    .   (shield unavailable)
rNeg    . . .      Spirit   .   (body armour unavailable)
rPois   +          Reflect  .   (helmet unavailable)
rElec   .          Harm     .   (cloak unavailable)
rCorr   .          Rampage  .   (gloves unavailable)
Will    .....                   (boots unavailable)
Stlth   +++.......              (no amulet)
HPRegen 0.05/turn               d - ring of poison resistance
MPRegen 0.10/turn               (no ring)

@: appendages (expiring), quick
A: horns 2, very small, claws 1, fangs 3, see invisible, speed 1, shaggy fur 1,
stealthy paws, no weapons or thrown items, no armour, multi-lived
a: End Transformation


You were on level 3 of the Dungeon.
You had temporarily grown beastly horns.
You visited 1 branch of the dungeon, and saw 3 of its levels.

You collected 100 gold pieces.

Inventory:

Jewellery
 d - a ring of poison resistance (left paw)
Scrolls
 b - 2 scrolls of identify {unknown}
 h - 3 scrolls of noise {unknown}
 i - a scroll of teleportation {unknown}
 j - a scroll of blinking {unknown}
Potions
 a - a potion of lignification
 c - 2 potions of curing {unknown}
 e - 3 potions of ambrosia {unknown}
 f - a potion of degeneration {unknown}
 g - 2 potions of attraction {unknown}
 k - a potion of mutation {unknown}


   Skills:
 - Level 1.0 Fighting
 - Level 2.6 Dodging
 + Level 4.8 Stealth
 - Level 3.0 Unarmed Combat
 - Level 2.0 Spellcasting
 - Level 2.1 Transmutations


You had 5 spell levels left.
You knew the following spells:

 Your Spells              Type           Power      Damage    Failure   Level
a - Beastly Appendage     Tmut           14%        N/A       10%         1

Your spell library contained the following spells:

 Spells                   Type           Power      Damage    Failure   Level
 Wereblood                Tmut           7%         N/A       14%         2
 Spider Form              Tmut/Pois      4%         N/A       41%         3
 Ice Form                 Ice/Tmut       4%         N/A       83%         4


Dungeon Overview and Level Annotations

Branches:
Dungeon (3/15)

Altars:

Annotations:
D:3 Terence


Innate Abilities, Weirdness & Mutations

You have temporarily grown beastly horns.
You have sharp claws.
You have razor-sharp teeth.
You have supernaturally acute eyesight. (SInv)
You cover ground quickly. (Speed+)
You are covered in fur. (AC +1)
Your paws help you pounce on unaware monsters.
You are incapable of wielding weapons or throwing items.
You cannot wear armour.
You gain extra lives every three experience levels.


Message History

There is an open door here.
You open the door.
Found a plate armour.
There is an open door here.
Found 5 stones.
You see here 5 stones.
An endoplasm comes into view.
An endoplasm is nearby!
The endoplasm quivers.
You scratch the endoplasm.
You kill the endoplasm!
b - 2 scrolls labelled HATY YMMUTAR (gained 1)
You pounce on the unaware helpless Terence!
You claw Terence!
Terence is severely wounded.
Terence barely misses you.
You scratch Terence but do no damage. You bite Terence, but do no damage.
Terence is severely wounded.
Terence misses you.
You scratch Terence.
Terence is severely wounded.
Terence drinks a potion.
Terence seems to speed up.
Casting: Beastly Appendage (safe; 10% risk of failure)
Confirm with . or Enter, or press ? or * to list all spells.
You grow a pair of large bovine horns.
Your transformation is almost over.
Terence hits you with a +0 short sword. x2
You scratch Terence.
Terence is almost dead.
Terence misses you.
You scratch Terence but do no damage. You bite Terence, but do no damage.
Terence is almost dead.
Terence says, "Don't bother to defend, it's pointless."
Terence hits you with a +0 short sword.
* * * LOW HITPOINT WARNING * * *
Terence hits you with a +0 short sword.
* * * LOW HITPOINT WARNING * * *
Terence attacks as you move away! Terence hits you but does no damage.
Terence attacks as you move away! Terence hits you with a +0 short sword.
You die...

#.... o. ....+ #....# ...##
##...# #...... ...##...####+
#......# ......##...
#.......### #....#<...
#....#....#+#######....#..).
#....####.............##....
#......@................
####.###..@...#####......#.
#....###......######.....#.
####...#...................
#...#.................##
#...#..............##.##
#######.......................
.......[.........#######...#..
...............#.# ###.#..
............##.#.#### #.#..


You could see Terence (fast).

Vanquished Creatures
  A worm (D:2)
  3 dart slugs
  2 ball pythons (D:1)
  4 endoplasms
  2 giant cockroaches
  2 goblins
  3 hobgoblins (D:1)
  3 jackals (D:3)
  2 quokkas
  4 bats
  2 frilled lizards
  5 kobolds
  A rat (D:1)
34 creatures vanquished.

Notes
Turn   | Place    | Note
-------+----------+-------------------------------------------
     0 | D:1      | concernfroge the Felid Transmuter began the quest for the
                  | Orb.
     0 | D:1      | Reached XP level 1. HP: 9/9 MP: 4/4
   111 | D:1      | Reached skill level 1 in Stealth
   274 | D:1      | Reached skill level 2 in Stealth
   294 | D:1      | Reached XP level 2. HP: 12/12 MP: 4/6
   488 | D:1      | Reached skill level 3 in Stealth
   967 | D:2      | Reached skill level 4 in Stealth
  1072 | D:2      | Reached XP level 3. HP: 3/15 MP: 7/7
  1432 | D:3      | Found a faded altar of an unknown god.
  1476 | D:3      | Noticed Terence
  1940 | D:3      | Slain by Terence

Illustrated notes

Levels and vault maps discovered:
D:1:      arrival_zaba_pyramid, layout_rooms
D:2:      layout_rooms, basic_altar, wad_floor_pattern_2
D:3:      layout_basic, hellmonk_ecumenical_altar_lost_god, uniq_terence

Skill      XL: |  1  2 |
---------------+-------+-----
Stealth        | 2 4 |  4.8
Fighting       | |  1.0
Dodging        | |  2.6
Unarmed Combat | |  3.0
Spellcasting   | |  2.0
Transmutations | |  2.1

Action                   || total
-------------------------++-------
Melee: Unarmed           ||    72
       Headbutt          ||     8
       Bite              ||     5
       Punch             ||     4
 Cast: Beastly Appendage ||    17
 Stab: Sleeping          ||    10
Armor: Skin              ||     4
Dodge: Dodged            ||    40
